 Dungeon Crawl Stone Soup version 0.30-a0-799-g109b55a442 (webtiles) character file.

Game seed: 10719637323685954460

133 dialectric the Trooper (level 4, -1/40 HPs)
             Began as a Draconian Fighter on Feb 20, 2023.
             Succumbed to a scorpion's poison
             ... on level 4 of the Dungeon.
             The game lasted 00:02:37 (2142 turns).

dialectric the Trooper (Draconian Fighter)          Turns: 2142, Time: 00:02:38

Health: -1/40      AC:  5    Str: 20    XL:     4   Next: 93%
Magic:  4/4        EV: 12    Int:  8    God:
Gold:   137        SH:  0    Dex: 11    Spells: 3/3 levels left

rFire   . . .      SeeInvis .    a - +0 long sword
rCold   . . .      Faith    .    (no shield)
rNeg    . . .      Spirit   .    (body armour unavailable)
rPois   .          Reflect  .    (helmet restricted)
rElec   .          Harm     .    (no cloak)
rCorr   .          Rampage  .    (no gloves)
Will    .....                    (no boots)
Stlth   +                        (no amulet)
HPRegen 0.26/turn                (no ring)
MPRegen 0.09/turn                (no ring)

@: lethally poisoned (-1 -> -23)
A: AC +5, unfitting armour, cold-blooded
a: no special abilities


You were on level 4 of the Dungeon.
You visited 1 branch of the dungeon, and saw 5 of its levels.

You collected 173 gold pieces.
You spent 36 gold pieces at shops.

Inventory:

Hand Weapons
 a - a +0 long sword (weapon)
 m - a +0 quarterstaff
Armour
 b - a +0 buckler
Wands
 k - a wand of roots (9)
Scrolls
 c - a scroll of silence {unknown}
 d - 4 scrolls of teleportation
 e - 6 scrolls of identify {unknown}
 g - 2 scrolls of noise {unknown}
 h - a scroll of poison {unknown}
 i - a scroll of enchant weapon {unknown}
 n - 2 scrolls of fog {unknown}
 p - a scroll of enchant armour {unknown}
Potions
 f - 4 potions of curing
 j - a potion of degeneration {unknown}
 l - a potion of experience {unknown}
 o - a potion of brilliance {unknown}
 q - a potion of mutation {unknown}


   Skills:
 - Level 4.0 Fighting
 * Level 3.8 Long Blades
 + Level 3.4 Dodging
 - Level 3.2 Shields


You had 3 spell levels left.
You didn't know any spells.
Your spell library was empty.

Dungeon Overview and Level Annotations

Branches:
Dungeon (5/15)
 Temple: D:4-7

Altars:

Shops:
D:1 ?   D:3 *


Innate Abilities, Weirdness & Mutations

Your plain brown scales are hard. (AC +5)
You cannot fit into any form of body armour.
You are cold-blooded and may be slowed by cold attacks.


Message History

The scorpion is lightly wounded.
The scorpion misses you. The quokka barely misses you. The scorpion stings you.
You are poisoned.
The scorpion poisons you!
You completely miss the scorpion.
The scorpion is lightly wounded.
You feel very sick.
The quokka bites you but does no damage.
The scorpion barely misses you. The quokka bites you.
You closely miss the scorpion.
You tail-slap the scorpion, but do no damage.
The scorpion is lightly wounded.
You feel sick. The scorpion stings you.
The quokka bites you but does no damage.
You closely miss the scorpion.
Your tail-slap misses the scorpion.
The scorpion is lightly wounded.
You feel sick. The scorpion stings you. The quokka bites you.
The scorpion barely misses you. The quokka bites you.
You hit the scorpion but do no damage.
You tail-slap the scorpion, but do no damage.
You feel sick. The scorpion stings you. The quokka bites you.
* * * LOW HITPOINT WARNING * * *
You barely miss the scorpion.
You feel sick. The scorpion stings you.
* * * LOW HITPOINT WARNING * * *
You are lethally poisoned!
The scorpion poisons you! The quokka barely misses you.
The scorpion stings you.
* * * LOW HITPOINT WARNING * * *
The quokka barely misses you.
You slash the scorpion!
The scorpion is heavily wounded.
* * * LOW HITPOINT WARNING * * *
You feel very sick. The scorpion stings you.
* * * LOW HITPOINT WARNING * * *
You are more poisoned.
The scorpion poisons you! The quokka barely misses you.
You barely miss the scorpion.
The scorpion is heavily wounded.
You die...

##.....##
#.......#
........#
........#
........##
.........#
.......r.#
......)@^#
......s..#
.......>.#
........##
........#
#########


You could see a scorpion and a quokka.

Vanquished Creatures
  A gnoll (D:1)
  5 adders
  2 worms (D:2)
  3 orcs
  5 bats
  7 endoplasms
  4 giant cockroaches
  9 goblins
  5 hobgoblins
  3 jackals (D:3)
  2 kobolds
  5 quokkas
  6 ball pythons
  4 frilled lizards
  3 rats
64 creatures vanquished.

Notes
Turn   | Place    | Note
-------+----------+-------------------------------------------
     0 | D:1      | dialectric the Draconian Fighter began the quest for the
                  | Orb.
     0 | D:1      | Reached XP level 1. HP: 19/19 MP: 1/1
   109 | D:1      | Reached XP level 2. HP: 23/26 MP: 2/2
   138 | D:1      | Found Kunocejo's Magic Scroll Boutique.
   332 | D:1      | Reached XP level 3. HP: 14/33 MP: 3/3
  1174 | D:2      | Reached XP level 4. HP: 40/40 MP: 4/4
  1325 | D:1      | Bought a scroll of teleportation for 36 gold pieces
  1554 | D:3      | Found Fauvvato's Assorted Antiques.
  1699 | D:3      | Reached skill level 4 in Fighting
  2091 | D:3      | You fall into a shaft and drop 2 floors!
  2091 | D:5      | Entered Level 5 of the Dungeon
  2107 | D:5      | Noticed an ogre
  2109 | D:5      | Noticed a necrophage
  2127 | D:4      | Noticed a scorpion
  2142 | D:4      | Succumbed to a scorpion's poison

Illustrated notes

Levels and vault maps discovered:
D:1:      minmay_arrival_loop, layout_basic, serial_shops, shop_scrolls,
          reono_crystal_passage, chequers_serial_rivers_micro_b, minmay_ruptured
D:2:      layout_basic
D:3:      layout_loops_cross, nicolae_hepliaklqana_hazy_memory, serial_shops,
          nicolae_square_shop, serial_glass, glass_columns_b, glass_columns_b,
          minmay_mini_jars
D:4:      layout_cave_pods, nicolae_dithmenos_shadow_blocks,
          mainiacjoe_overflow_chevrons, lemuel_temple_firewalk_a,
          uniq_crazy_yiuf_cottage
D:5:      layout_rooms, fedhas_altar_2, ebering_ghost_reflecting_pool,
          uniq_sigmund, uniq_edmund

Skill      XL: |  1  2  3  4 |
---------------+-------------+-----
Dodging        | 3 |  3.4
Long Blades    | 3 |  3.8
Fighting       | 4 |  4.0
Shields        | |  3.2

Action                     |  1- 3 |  4- 6 || total
---------------------------+-------+-------++-------
  Melee: Long sword        |   109 |   101 ||   210
         Tailslap          |     9 |    12 ||    21
         Punch             |     3 |     1 ||     4
    Use: Potion            |     1 |     1 ||     2
   Stab: Sleeping          |       |     1 ||     1
 Armour: Skin              |    40 |    46 ||    86
  Dodge: Dodged            |    76 |   102 ||   178

Table legend: (Time is in decaauts)
 A = Elapsed time spent in this place.
 B = Non-inter-level travel time spent in this place.
 C = Inter-level travel time spent in this place.
 D = Time resting spent in this place.
 E = Time spent auto-exploring this place.
 F = Levels seen in this place.
 G = Mean time per level.
                   A        B        C        D        E       F      G
               +--------+--------+--------+--------+--------+-----+--------+
         Total |   2196 |   2066 |    130 |     98 |   1425 |   5 |  439.2 |
       Dungeon |   2196 |   2066 |    130 |     98 |   1425 |   5 |  439.2 |
               +--------+--------+--------+--------+--------+-----+--------+

Top non-repeatable levels by time:
     D:1: 836 daAuts
     D:3: 763 daAuts
     D:2: 543 daAuts
     D:5: 34 daAuts
     D:4: 18 daAuts
